 Dungeon Crawl Stone Soup version 0.30-a0-779-g7971cf19c3 (webtiles) character file.

Game seed: 12449774462582045652

126 Juicyj the Grasshopper (level 5, -3/28 HPs)
             Began as a Vine Stalker Wanderer on Feb 16, 2023.
             Killed from afar by an orc wizard (6 damage)
             ... with a magic dart
             ... on level 3 of the Dungeon on Feb 17, 2023.
             The game lasted 00:04:06 (1432 turns).

Juicyj the Grasshopper (Vine Stalker Wanderer)      Turns: 1432, Time: 00:04:06

Health: -3/28      AC:  3    Str: 17    XL:     5   Next: 9%
Magic:  0/10       EV: 11    Int: 13    God:
Gold:   60         SH:  0    Dex: 12    Spells: 6/10 levels left

rFire   . . .      SeeInvis .    e - +0 war axe (heavy)
rCold   . . .      Faith    .    (no shield)
rNeg    . . .      Spirit   +    c - +0 leather armour
rPois   .          Reflect  .    (no helmet)
rElec   .          Harm     .    (no cloak)
rCorr   .          Rampage  .    (no gloves)
Will    .....                    (no boots)
Stlth   +                        (no amulet)
HPRegen 1.04/turn                (no ring)
MPRegen 0.12/turn                (no ring)

@: confused
A: fangs 2, regeneration 1, magic shield, antimagic bite, no potion heal 2
a: no special abilities


You were on level 3 of the Dungeon.
You visited 1 branch of the dungeon, and saw 3 of its levels.

You collected 60 gold pieces.

Inventory:

Hand Weapons
 a - a +3 hand axe
 e - a +0 heavy war axe (weapon)
Missiles
 d - 6 boomerangs
Armour
 c - a +0 leather armour (worn)
Jewellery
 f - a ring of protection from cold
Wands
 h - a wand of polymorph (3)
Scrolls
 b - a scroll of fog
 j - a scroll of enchant weapon {unknown}
Potions
 g - a potion of heal wounds
 i - 3 potions of curing
 k - a potion of flight {unknown}


   Skills:
 + Level 3.4 Fighting
 + Level 2.7 Axes
 + Level 3.2 Spellcasting
 + Level 3.7 Translocations


You had 6 spell levels left.
You knew the following spells:

 Your Spells              Type           Power      Damage    Failure   Level
a - Apportation           Tloc           22%        N/A       6%          1
b - Teleport Other        Tloc           11%        N/A       19%         3

Your spell library contained the following spells:

 Spells                   Type           Power      Damage    Failure   Level


Dungeon Overview and Level Annotations

Branches:
Dungeon (3/15)

Altars:


Innate Abilities, Weirdness & Mutations

You have extremely sharp teeth.
Your natural rate of healing is unusually fast.
When hurt, damage is shared between your health and your magic reserves.
Your bite disrupts and absorbs the magic of your enemies.
Potions cannot restore your health.


Message History

You slash the ball python!
You kill the ball python!
You hit the adder but do no damage. You barely miss Jessica.
The adder bites you but does no damage.
You are confused.
Jessica casts a spell at you.
You struggle to resist.
The adder closely misses you.
The kobold hits you with a +0 short sword.
Jessica hits you with a +0 club.
A kobold comes into view. It is wielding a +0 dagger.
A puff of flame appears from out of thin air!
The puff of flame hits you!
* * * LOW HITPOINT WARNING * * *
You are too injured to fight recklessly!
You are too injured to fight recklessly!
You are too injured to fight recklessly!
You are too injured to fight recklessly!
You're too confused to cast spells.
Found a stone staircase leading up.
Jessica hits you with a +0 club.
* * * LOW HITPOINT WARNING * * *
The adder bites you. The adder attacks as you move away!
The adder barely misses you.
You hear some strange, mumbled words.
You are more confused.
You closely miss the adder. Your bite misses the adder. You slash Jessica!
You kill Jessica!
The adder misses you. The adder bites you but does no damage.
Something hits you.
* * * LOW HITPOINT WARNING * * *
The adder bites you.
* * * LOW HITPOINT WARNING * * *
You have reached level 5!
You bump into the rock wall.
The kobold hits you with a +0 short sword.
* * * LOW HITPOINT WARNING * * *
The adder misses you.
You hear some strange, mumbled words.
A magic dart appears from out of thin air!
The magic dart hits you.
You die...

######
####.†..# #
#.....#.#<#
#.#.#SK...#
#.#@{K#.#
###.###.#
#..†..#...
###.###.###..#
#...# #...#..#
###.###.### ##
#.....#
###.### #.#


You could see an adder and 2 kobolds.

Vanquished Creatures
  Jessica (D:3)
  A gnoll (D:1)
  3 adders (D:2)
  A worm (D:2)
  2 dart slugs (D:2)
  5 bats
  6 endoplasms
  2 giant cockroaches
  3 goblins
  5 hobgoblins
  8 jackals
  2 quokkas
  4 ball pythons
  2 frilled lizards
  3 kobolds
  4 rats
52 creatures vanquished.

Notes
Turn   | Place    | Note
-------+----------+-------------------------------------------
     0 | D:1      | Juicyj the Vine Stalker Wanderer began the quest for the
                  | Orb.
     0 | D:1      | Juicyj set off with the following items: a +3 hand axe, a
                  | scroll of fog, a +0 leather armour; and the following spell
                  | memorised: Apportation; and the following spells available
                  | to memorise: Teleport Other.
     0 | D:1      | Reached XP level 1. HP: 11/11 MP: 4/4
    44 | D:1      | Reached XP level 2. HP: 6/16 MP: 1/6
   171 | D:1      | Reached XP level 3. HP: 17/20 MP: 5/7
   175 | D:1      | Learned a level 3 spell: Teleport Other
   268 | D:1      | Upgraded the game from 0.30-a0-778-g2ef04afb54 to
                  | 0.30-a0-779-g7971cf19c3
   916 | D:2      | Gained mutation: Your natural rate of healing is unusually
                  | fast. [Vine Stalker growth]
   916 | D:2      | Reached XP level 4. HP: 24/24 MP: 9/9
  1424 | D:3      | Noticed Jessica
  1431 | D:3      | Killed Jessica
  1432 | D:3      | Reached XP level 5. HP: 4/28 MP: 0/10
  1432 | D:3      | Killed from afar by an orc wizard

Illustrated notes

Levels and vault maps discovered:
D:1:      psy_arrival_heroes, layout_basic
D:2:      layout_rooms
D:3:      layout_loops_ring, shapermc_ecumenical_altar_totnotflames,
          minmay_quantized, uniq_terence, uniq_jessica, uniq_natasha,
          uniq_sigmund

Skill      XL: |  1  2  3  4 |
---------------+-------------+-----
Axes           | 2 |  2.7
Fighting       | 3 |  3.4
Spellcasting   | 3 |  3.2
Translocations | |  3.7

Action                     |  1- 3 |  4- 6 || total
---------------------------+-------+-------++-------
  Melee: Hand axe          |    75 |     7 ||    82
         Bite              |    11 |    10 ||    21
         War axe           |       |    31 ||    31
   Cast: Apportation       |     2 |       ||     2
    Use: Scroll            |     3 |     3 ||     6
 Armour: Leather armour    |    18 |    16 ||    34
  Dodge: Dodged            |    60 |    44 ||   104

Table legend: (Time is in decaauts)
 A = Elapsed time spent in this place.
 B = Non-inter-level travel time spent in this place.
 C = Inter-level travel time spent in this place.
 D = Time resting spent in this place.
 E = Time spent auto-exploring this place.
 F = Levels seen in this place.
 G = Mean time per level.
                   A        B        C        D        E       F      G
               +--------+--------+--------+--------+--------+-----+--------+
         Total |   1479 |   1452 |     27 |    230 |    898 |   3 |  493.0 |
       Dungeon |   1479 |   1452 |     27 |    230 |    898 |   3 |  493.0 |
               +--------+--------+--------+--------+--------+-----+--------+

Top non-repeatable levels by time:
     D:1: 717 daAuts
     D:2: 686 daAuts
     D:3: 75 daAuts
